 Dungeon Crawl Stone Soup version 0.18.1-6-gd335043 (webtiles) character file.

131139 mistymad the Severer (level 16, 0/151 HPs)
             Began as a Minotaur Berserker on May 16, 2016.
             Was an Elder of Trog.
             Slain by an anaconda (3 damage)
             ... on level 3 of the Snake Pit.
             The game lasted 03:29:18 (28988 turns).

mistymad the Severer (Minotaur Berserker)          Turns: 28988, Time: 03:29:21

Health: 0/151      AC: 28    Str: 33    XL:     16   Next: 54%
Magic:  5/24       EV: 12    Int:  7    God:    Trog [****..]
Gold:   1493       SH: 10    Dex: 12    Spells: 0 memorised, 15 levels left

rFire  + + .     SeeInvis .     b - +4 war axe (freeze)
rCold  x . .     Gourm    .     J - +1 plate armour {rF+}
rNeg   + . .     Faith    .     X - +3 buckler of Optimism {rElec rF+ rC-}
rPois  +         Spirit   .     (helmet restricted)
rElec  +         Dismiss  .     q - +2 cloak
rCorr  +         Reflect  .     K - +0 pair of gloves "Eddotej" {rCorr Str+4}
SustAt .         Harm     .     (no boots)
MR     +++..     Rnd*Rage +     L - amulet of regeneration
Stlth  ..........               t - ring of Amelioration {rCorr +Blink rPois rF- MP+9}
                                y - ring "Tusirph" {Fire rN+ Str+2 Int+3 Stlth+}

@: lethally poisoned (0 -> 0), regenerating, constricted, extremely resistant to
hostile enchantments, extremely unstealthy
A: retaliatory headbutt, horns 2, iridescent scales 1, molten scales 1, berserk
2, cold resistance 1
a: Berserk, Trog's Hand, Brothers in Arms, Burn Spellbooks, Renounce Religion,
Evoke Blink


You were on level 3 of the Snake Pit.
You worshipped Trog.
Trog was greatly pleased with you.
You were not hungry.

You visited 5 branches of the dungeon, and saw 26 of its levels.
You also visited: Labyrinth, Bailey and Ice Cave.

You collected 3489 gold pieces.
You spent 1996 gold pieces at shops.

Inventory:

Hand Weapons
 b - a +4 war axe of freezing (weapon)
 G - a +4 antimagic broad axe
Armour
 q - a +2 cloak (worn)
 u - a +2 plate armour of cold resistance
 J - a +1 plate armour of fire resistance (worn)
 K - the +0 pair of gloves "Eddotej" (worn) {rCorr Str+4}
   (You bought it in a shop on level 2 of the Orcish Mines)

   It affects your strength (+4).
   It protects you from acid and corrosion.
 X - the +3 buckler of Optimism (worn) {rElec rF+ rC-}
   (You found it on level 8 of the Lair of Beasts)

   It protects you from fire.
   It makes you vulnerable to cold.
   It insulates you from electricity.
 Z - a +0 shield of reflection
Jewellery
 t - the ring of Amelioration (right hand) {rCorr +Blink rPois rF- MP+9}
   (You found it in an ice cave)

   [ring of resist corrosion]

   It makes you vulnerable to fire.
   It protects you from poison.
   It affects your magic capacity (+9).
   It lets you blink.
 y - the ring "Tusirph" (left hand) {Fire rN+ Str+2 Int+3 Stlth+}
   (You bought it in a shop on level 2 of the Orcish Mines)

   [ring of fire]

   It enhances your fire magic, and weakens your ice magic.
   It affects your strength (+2).
   It affects your intelligence (+3).
   It protects you from fire.
   It makes you vulnerable to cold.
   It protects you from negative energy.
   It makes you more stealthy.
 L - an amulet of regeneration (around neck)
 S - the ring "Litarun" {Ice MR+ Str-2 Dex+3}
   (You found it on level 5 of the Lair of Beasts)

   [ring of ice]

   It enhances your ice magic, and weakens your fire magic.
   It affects your strength (-2).
   It affects your dexterity (+3).
   It makes you vulnerable to fire.
   It protects you from cold.
   It affects your resistance to hostile enchantments.
Wands
 e - a wand of lightning (12/15)
 p - a wand of acid (6/15)
 E - a wand of confusion (32/48)
 P - a wand of iceblast (6/15)
 R - a wand of paralysis (8/24)
 Y - a wand of teleportation (7/9)
Scrolls
 f - 4 scrolls of enchant armour
 g - 8 scrolls of remove curse
 n - 2 scrolls of blinking
 o - 4 scrolls of teleportation
 r - 2 scrolls of magic mapping
 w - 9 scrolls of recharging
 x - 3 scrolls of enchant weapon
 I - 6 scrolls of fear
 M - a scroll of fog
 Q - 2 scrolls of holy word
 U - 2 scrolls of brand weapon
 W - 3 scrolls of immolation
Potions
 h - 4 potions of flight
 j - 12 potions of curing
 m - 7 potions of resistance
 v - a potion of cancellation
 z - 4 potions of invisibility
 B - a potion of mutation
 C - 2 potions of cure mutation
 D - 2 potions of might
 F - 4 potions of agility
 H - 3 potions of haste
 V - a potion of brilliance
Books
 s - Roxanne's Almanac of Transmutation
   (You took it off Roxanne on level 1 of the Snake Pit)

   Spells                             Type                      Level
   a - Beastly Appendage              Transmutation                1
   b - Passwall                       Transmutation/Earth          2
   c - Petrify                        Transmutation/Earth          4
   d - Yara's Violent Unravelling     Hexes/Transmutation          5
   e - Statue Form                    Transmutation/Earth          6
   Trog disapproves of the use of such an item.
 N - a book of Geomancy

   Spells                             Type                      Level
   a - Sandblast                      Earth                        1
   b - Passwall                       Transmutation/Earth          2
   c - Stone Arrow                    Conjuration/Earth            3
   d - Petrify                        Transmutation/Earth          4
   e - Lee's Rapid Deconstruction     Earth                        5
   Trog disapproves of the use of such an item.
Comestibles
 c - 15 bread rations
 d - 9 meat rations
 i - 28 fruits
 k - a chunk of flesh
 l - 11 beef jerkies
 O - 13 royal jellies


   Skills:
 + Level 16.3 Fighting
 + Level 17.5 Axes
 + Level 15.3 Armour
 + Level 13.9 Dodging
 + Level 14.7 Shields


You had 15 spell levels left.
You didn't know any spells.

Dungeon Overview and Level Annotations

Branches:
Dungeon (12/15)            Temple (1/1) D:4            Lair (8/8) D:10
 Shoals (0/4) Lair:3        Snake (3/4) Lair:4        Slime (0/6) Lair:6
    Orc (2/2) D:12            Elf (0/3) Orc:2

Altars:
Ashenzari
Cheibriados
Dithmenos
Elyvilon
Fedhas
Gozag
Kikubaaqudgha
Makhleb
Nemelex Xobeh
Okawaru
Pakellas
Qazlal
Ru
Sif Muna
Trog
Vehumet
Xom
Yredelemnul
Zin
The Shining One
Beogh
Jiyva

Shops:
D:9 (   Orc:1 =   Orc:2 =([*   Snake:3 *

Annotations:
Snake:3 Aizul, Norris


Innate Abilities, Weirdness & Mutations

You reflexively headbutt those who attack you in melee.
You have a pair of horns on your head.
You are partially covered in iridescent scales (AC +4).
You are partially covered in molten scales (AC +1).
You often lose your temper in combat.
Your flesh is cold resistant.


Message History

You block the anaconda's attack. The salamander misses you.
The anaconda misses you. You furiously retaliate!
You headbutt the anaconda. Aizul hits you.
* * * LOW HITPOINT WARNING * * *
The mana viper closely misses you. The naga hits you but does no damage.
Something hits you but does no damage.
Drink which item? (? for menu, Esc to quit)
You feel magically purged.
You feel sick.
* * * LOW HITPOINT WARNING * * *
You block the anaconda's attack.
* * * LOW HITPOINT WARNING * * *
The anaconda constricts you. The anaconda completely misses you.
The naga mage hits you from afar with a spear.
* * * LOW HITPOINT WARNING * * *
Aizul hits you!
* * * LOW HITPOINT WARNING * * *
The naga ritualist gestures wildly while chanting.
The naga ritualist begins to radiate toxic energy.
The mana viper completely misses you. The anaconda bites you.
You die...

...............
(..............
............!..
...............
.........N.....
....N.SS.N.....
.....SSSSNNN...
.....SS@SNSN...
.....SNS{NSN...
.......SSNN....
.......S.....N.
...............
∩..!...........
...............
...............


You could see Aizul, 3 salamanders, 3 anacondas, 3 naga ritualists, 6 mana
vipers, 6 black mambas, 2 naga magi and 6 nagas.

Vanquished Creatures
  Asterion (Snake:2)
  Roxanne (Snake:1)
  A greater naga (Snake:2)
  Donald (Snake:2)
  A minotaur (Lab)
  Erolcha (D:11)
  The ghost of dwasdwasdwas the Carver, a journeyman MiFi of Okawaru (D:12)
  8 hydras
  5 naga warriors (Snake:1)
  A catoblepas (Lair:4)
  The ghost of Anouleth the Frost Mage, a journeyman MfIE of Sif Muna (D:11)
  7 anacondas
  The ghost of F1L1N the Blocker, a journeyman GrFi of Okawaru (D:11)
  The ghost of no0bjke the Cruncher, a journeyman GrBe of Trog (Lair:2)
  A queen ant (Lair:2)
  5 death yaks
  4 shock serpents
  3 naga sharpshooters
  An orc high priest (Orc:2)
  Sonja (D:11)
  3 sea snakes (Snake:2)
  2 naga ritualists
  An unseen horror (D:12)
  4 hill giants
  6 orc knights
  An oklob plant (Snake:1)
  5 mana vipers
  6 orc sorcerers
  2 griffons
  An ugly thing (D:12)
  3 cyclopes (D:12)
  26 elephants
  A salamander (Snake:1)
  23 black mambas
  Joseph (D:8)
  2 ice statues
  2 centaur zombies (D:12)
  15 spiny frogs
  2 torpor snails
  6 naga magi
  5 rime drakes
  A freezing wraith (Lair:6)
  A centaur skeleton (D:12)
  8 komodo dragons
  5 trolls
  2 queen bees
  Grinder (D:4)
  6 polar bears (Lair:7)
  7 giant leeches (Lair:8)
  3 two-headed ogres
  24 blink frogs
  A wraith (D:12)
  3 wyverns
  2 redbacks (Lab)
  A spriggan (D:8)
  50 yaks
  3 basilisks
  A hungry ghost (D:9)
  13 hippogriffs
  A steam dragon (Lair:3)
  11 vampire mosquitoes (Lair:8)
  23 nagas
  20 soldier ants (Lair:2)
  4 wargs
  17 water moccasins
  16 porcupines
  4 sky beasts
  A black bear (D:10)
  29 orc warriors
  21 ice beasts
  An eye of draining (D:12)
  14 ogres
  7 centaurs
  10 wolves
  17 crocodiles
  30 giant frogs
  21 big kobolds
  11 gnoll sergeants
  41 killer bees
  4 wights (D:8)
  An electric eel (Lair:8)
  4 crimson imps
  6 hounds
  A jelly (D:10)
  30 orc wizards
  6 gnoll shamans (Bailey)
  25 orc priests
  Crazy Yiuf (D:2)
  A giant frog skeleton (D:6)
  13 iguanas
  25 worker ants
  18 sheep
  2 worker ant zombies
  3 hound skeletons
  29 gnolls
  12 adders
  47 river rats
  A shadow imp (D:9)
  2 white imps (Lair:7)
  An adder zombie (D:9)
  3 adder skeletons
  3 worms
  A dart slug (D:3)
  8 giant geckos
  78 orcs
  5 bats
  4 giant cockroaches
  2 gnoll zombies (D:4)
  12 goblins
  11 hobgoblins
  5 jackals
  4 quokkas
  3 ball pythons
  3 giant newts
  16 kobolds
  10 rats
  A bush (Lair:3)
  A butterfly (Lair:4)
  14 fungi
  16 plants
1026 creatures vanquished.

Vanquished Creatures (collateral kills)
  Saint Roka (Orc:2)
  An acid blob (Lair:6)
  An orc warlord (Orc:1)
  The ghost of Moloch the Severer, a journeyman DsFi of Okawaru (IceCv)
  3 hydras
  A slime creature (Lair:6)
  An oklob plant (Lair:8)
  A black mamba (Lair:8)
  2 ice statues (IceCv)
  2 spiny frogs
  8 yaks
  A vampire mosquito (Lair:8)
  An ogre (Orc:2)
  2 crocodiles
  A giant frog (Lair:8)
  An orc (Orc:1)
  A fungus (Lair:6)
29 creatures vanquished.

Vanquished Creatures (others)
  An orc wizard (D:8)
  36 fungi
  29 plants
  6 toadstools (Lair:4)
72 creatures vanquished.

Grand Total: 1127 creatures vanquished

Notes
Turn   | Place    | Note
--------------------------------------------------------------
     0 | D:1      | mistymad the Minotaur Berserker began the quest for the Orb.
     0 | D:1      | Reached XP level 1. HP: 19/19 MP: 0/0
   399 | D:1      | Reached XP level 2. HP: 9/27 MP: 1/1
   960 | D:1      | Reached skill level 4 in Axes
  1059 | D:2      | Reached XP level 3. HP: 32/33 MP: 2/2
  1164 | D:2      | Noticed Crazy Yiuf
  1170 | D:2      | Killed Crazy Yiuf
  1170 | D:2      | Reached XP level 4. HP: 41/41 MP: 3/3
  1260 | D:2      | Reached ** piety under Trog
  1961 | D:3      | Found an ancient bone altar of Kikubaaqudgha.
  2451 | D:3      | Found a stormy altar of Qazlal.
  2451 | D:3      | Found a sacrificial altar of Ru.
  2539 | D:4      | Found a staircase to the Ecumenical Temple.
  2551 | Temple   | Entered the Ecumenical Temple
  2702 | D:4      | Noticed an ogre
  2707 | D:4      | Killed an ogre
  2707 | D:4      | Reached skill level 5 in Fighting
  2707 | D:4      | Reached skill level 5 in Axes
  2707 | D:4      | Reached XP level 5. HP: 25/48 MP: 4/4
  2960 | D:4      | Reached XP level 6. HP: 56/56 MP: 5/5
  2976 | D:4      | Noticed Grinder
  2980 | D:4      | Paralysed by Grinder for 7 turns
  2991 | D:4      | Killed Grinder
  2991 | D:4      | Reached skill level 6 in Axes
  3100 | D:4      | Reached XP level 7. HP: 63/63 MP: 6/6
  3537 | D:4      | Found a basalt altar of Yredelemnul.
  3630 | D:5      | Entered Level 5 of the Dungeon
  3803 | D:5      | Reached *** piety under Trog
  3827 | D:5      | Found a sparkling altar of Nemelex Xobeh.
  3896 | D:5      | You fall through a shaft!
  3963 | D:6      | Reached skill level 5 in Armour
  4267 | D:5      | Reached skill level 7 in Axes
  4267 | D:5      | Reached skill level 1 in Shields
  4267 | D:5      | Reached XP level 8. HP: 62/73 MP: 7/7
  4922 | D:7      | Reached skill level 5 in Dodging
  4978 | D:7      | Gained mutation: Your mind is acute. (Int +2) [mutagenic meat]
  4979 | D:7      | Gained mutation: You have sharp fingernails. [mutagenic meat]
  4980 | D:7      | Gained mutation: You tend to lose your temper in combat. [mutagenic meat]
  4982 | D:7      | Gained mutation: You are partially covered in molten scales (AC +1). [mutagenic meat]
  4983 | D:7      | Gained mutation: You passively map a small area around you. [mutagenic meat]
  5037 | D:7      | Found a radiant altar of Vehumet.
  5038 | D:7      | Found a burning altar of Makhleb.
  5576 | D:8      | Reached skill level 8 in Axes
  5636 | D:8      | Reached **** piety under Trog
  5707 | D:8      | Reached XP level 9. HP: 81/82 MP: 8/8
  6192 | D:8      | Noticed Joseph
  6207 | D:8      | Killed Joseph
  6207 | D:8      | Reached skill level 5 in Shields
  6783 | D:9      | Reached skill level 9 in Axes
  6867 | D:9      | Found Kuithrad's Antique Weapon Shoppe.
  6881 | D:9      | Found a flagged portal.
  6910 | Bailey   | Entered a bailey
  7152 | Bailey   | Reached XP level 10. HP: 91/91 MP: 9/9
  7191 | Bailey   | Got an encrusted scale mail
  7202 | Bailey   | Identified the +5 scale mail "Zyma" {Int+4} (You found it in a bailey)
  7508 | D:9      | Reached ***** piety under Trog
  7599 | D:9      | Reached skill level 10 in Axes
  7679 | D:9      | Found a deep blue altar of Sif Muna.
  8092 | D:10     | Entered Level 10 of the Dungeon
  8116 | D:10     | Gained mutation: You often lose your temper in combat. [mutagenic meat]
  8118 | D:10     | Gained mutation: Your flesh is cold resistant. [mutagenic meat]
  8119 | D:10     | Lost mutation: Your mind is acute. (Int +2) [mutagenic meat]
  8120 | D:10     | Lost mutation: You have sharp fingernails. [mutagenic meat]
  8121 | D:10     | Gained mutation: You are covered in fur (AC +1). [mutagenic meat]
  8217 | D:10     | Reached skill level 10 in Fighting
  8228 | D:10     | Reached skill level 11 in Axes
  8618 | D:10     | Gained mutation: You evolve. [mutagenic meat]
  8837 | D:10     | Found a staircase to the Lair.
  8963 | D:10     | Found an opulent altar of Gozag.
  9019 | D:10     | Noticed a hill giant
  9027 | D:10     | Killed a hill giant
  9027 | D:10     | Reached XP level 11. HP: 100/100 MP: 10/10
  9114 | D:11     | Noticed Erolcha
  9217 | D:11     | Noticed F1L1N's ghost (journeyman GrFi)
  9247 | D:11     | Killed F1L1N's ghost
  9465 | D:11     | Noticed a five-headed hydra
  9468 | D:11     | Noticed Anouleth's ghost (journeyman MfIE)
  9514 | D:10     | Killed a five-headed hydra
  9514 | D:10     | Reached skill level 12 in Axes
  9551 | D:11     | Killed Anouleth's ghost
  9747 | Lair:1   | Entered Level 1 of the Lair of Beasts
  9747 | Lair:1   | Noticed an eight-headed hydra
  9760 | Lair:1   | Killed an 11-headed hydra
  9763 | Lair:1   | Noticed an eight-headed hydra
  9772 | Lair:1   | Killed a nine-headed hydra
  9916 | D:11     | Received a gift from Trog
 10130 | D:11     | Killed Erolcha
 10278 | D:11     | Noticed Sonja
 10345 | D:11     | Killed Sonja
 10387 | D:11     | Noticed a seven-headed hydra
 10411 | D:11     | Killed a 13-headed hydra
 10439 | D:11     | Lost mutation: You passively map a small area around you. [mutagenic meat]
 10440 | D:11     | Gained mutation: You are partially covered in iridescent scales (AC +4). [mutagenic meat]
 10440 | D:11     | Gained mutation: Your flesh is very cold resistant. [evolution]
 10441 | D:11     | Lost mutation: You are covered in fur (AC +1). [mutagenic meat]
 10521 | D:11     | Noticed a hill giant
 10531 | D:11     | Killed a hill giant
 10531 | D:11     | Reached skill level 13 in Axes
 10713 | D:11     | Reached skill level 10 in Armour
 10718 | D:11     | Reached XP level 12. HP: 103/110 MP: 11/11
 10928 | D:12     | Noticed dwasdwasdwas's ghost (journeyman MiFi)
 10949 | D:12     | Killed dwasdwasdwas's ghost
 10966 | D:12     | Found a labyrinth entrance.
 10989 | Lab      | Entered a labyrinth
 11784 | Lab      | Noticed a minotaur
 11798 | Lab      | Killed a minotaur
 11868 | Lab      | Got a distressingly furry leather armour
 11879 | Lab      | Identified the +3 leather armour of the Hart {MR+ MP-9 Stlth+} (You took it off a minotaur in a labyrinth)
 11974 | Lab      | Identified a scroll of acquirement
 12463 | D:12     | Reached skill level 14 in Axes
 12464 | D:12     | Received a gift from Trog
 12534 | D:12     | Found a staircase to the Orcish Mines.
 12561 | D:12     | Reached skill level 10 in Shields
 12668 | D:12     | Reached skill level 10 in Dodging
 13472 | Lair:1   | Received a gift from Trog
 13472 | Lair:1   | Reached XP level 13. HP: 118/118 MP: 12/12
 14208 | Lair:2   | Noticed no0bjke's ghost (journeyman GrBe)
 14231 | Lair:2   | Killed no0bjke's ghost
 14324 | Lair:2   | Received a gift from Trog
 14420 | Lair:2   | Received a gift from Trog
 15366 | Lair:3   | Reached skill level 15 in Axes
 15625 | Lair:3   | Found a staircase to the Shoals.
 16327 | Lair:4   | Found a staircase to the Snake Pit.
 16624 | Lair:4   | Reached ****** piety under Trog
 16781 | Lair:4   | Found a deep blue altar of Sif Muna.
 16870 | Lair:4   | Reached XP level 14. HP: 129/129 MP: 4/13
 17067 | Lair:5   | Received a gift from Trog
 17590 | Lair:5   | Lost mutation: Your flesh is very cold resistant. [evolution]
 17590 | Lair:5   | Lost mutation: You evolve. [end of evolution]
 17598 | Lair:5   | Got a flickering lapis lazuli ring
 17600 | Lair:5   | Identified the ring "Litarun" {Ice MR+ Str-2 Dex+3} (You found it on level 5 of the Lair of Beasts)
 18307 | Lair:6   | Found a runed door.
 18308 | Lair:6   | Found a viscous altar of Jiyva.
 18309 | Lair:6   | Noticed an acid blob
 18352 | Lair:6   | Found a staircase to the Slime Pits.
 18425 | Lair:6   | Killed an acid blob
 19207 | Lair:7   | Received a gift from Trog
 19454 | Lair:7   | Reached skill level 16 in Axes
 20289 | Lair:8   | Entered Level 8 of the Lair of Beasts
 20454 | Lair:8   | Reached XP level 15. HP: 139/139 MP: 14/14
 20456 | Lair:8   | Received a gift from Trog
 21228 | Lair:8   | Reached skill level 15 in Fighting
 21942 | Lair:8   | Got a bloodstained buckler
 21954 | Lair:8   | Identified the +3 buckler of Optimism {rElec rF+ rC-} (You found it on level 8 of the Lair of Beasts)
 22029 | Lair:8   | Received a gift from Trog
 22571 | Orc:1    | Entered Level 1 of the Orcish Mines
 22571 | Orc:1    | Found a frozen archway.
 22701 | IceCv    | Entered an ice cave
 22703 | IceCv    | Noticed Moloch's ghost (journeyman DsFi)
 22718 | IceCv    | Killed Moloch's ghost
 22889 | IceCv    | Got a sparkling pewter ring
 22941 | Orc:1    | Identified the ring of Amelioration {rCorr +Blink rPois rF- MP+9} (You found it in an ice cave)
 22991 | Orc:1    | Found Vefeaf's Jewellery Shop.
 23206 | Orc:1    | Noticed an orc warlord
 23389 | Orc:1    | Killed an orc warlord
 23474 | Orc:1    | Found a radiant altar of Vehumet.
 23655 | Orc:2    | Entered Level 2 of the Orcish Mines
 24258 | Orc:2    | Noticed Saint Roka
 24456 | Orc:2    | Killed Saint Roka
 24732 | Orc:2    | Received a gift from Trog
 24952 | Orc:2    | Found a roughly hewn altar of Beogh.
 25049 | Orc:2    | Found Lizept's Jewellery Shop.
 25124 | Orc:2    | Found a staircase to the Elven Halls.
 25186 | Orc:2    | Bought the ring "Tusirph" {Fire rN+ Str+2 Int+3 Stlth+} for 643 gold pieces
 25223 | Orc:2    | Found Rimiunar's Antique Weapon Shop.
 25242 | Orc:2    | Found Eciets's General Store.
 25250 | Orc:2    | Bought a potion of haste for 180 gold pieces
 25250 | Orc:2    | Bought a scroll of identify for 36 gold pieces
 25554 | Orc:2    | Found Retij's Antique Armour Shop.
 25560 | Orc:2    | Bought a pair of slimy gloves for 332 gold pieces
 25572 | Orc:2    | Identified the +0 pair of gloves "Eddotej" {rCorr Str+4} (You bought it in a shop on level 2 of the Orcish Mines)
 25629 | Orc:2    | Bought a shiny plate armour for 805 gold pieces
 26032 | Snake:1  | Entered Level 1 of the Snake Pit
 26172 | Snake:1  | Reached skill level 17 in Axes
 26229 | Snake:1  | Found a shimmering altar of Xom.
 27175 | Snake:1  | Reached XP level 16. HP: 135/151 MP: 15/15
 27568 | Snake:1  | Noticed Roxanne
 27595 | Snake:1  | Killed Roxanne
 27597 | Snake:1  | Identified Roxanne's Almanac of Transmutation (You took it off Roxanne on level 1 of the Snake Pit)
 27995 | Snake:2  | Reached skill level 15 in Armour
 28029 | Snake:2  | Noticed Donald
 28038 | Snake:2  | Killed Donald
 28262 | Snake:2  | Got a transparent ring mail
 28347 | Snake:2  | Received a gift from Trog
 28774 | Snake:2  | Noticed Asterion
 28789 | Snake:2  | Killed Asterion
 28971 | Snake:3  | Found Jaumycee's Assorted Antiques.
 28971 | Snake:3  | Noticed Aizul
 28971 | Snake:3  | Noticed Norris
 28988 | Snake:3  | HP: 3/151 [Aizul (15)]
 28988 | Snake:3  | Slain by an anaconda

Skill      XL: |  1  2  3  4  5  6  7  8  9 10 11 12 13 14 15 16 |
---------------+-------------------------------------------------+-----
Fighting       | 4 5 6 7 8 9 10 11 12 13 14 15 16 | 16.3
Axes           | 4 5 6 7 8 9 11 13 14 15 16 17 | 17.5
Armour         | 3 4 5 6 7 9 10 11 12 13 14 15 | 15.3
Dodging        | 3 4 5 7 8 9 10 11 12 13 | 13.9
Shields        | 1 4 5 7 9 10 11 13 14 | 14.7

Action                   |  1- 3 |  4- 6 |  7- 9 | 10-12 | 13-15 | 16-18 || total
-------------------------+-------+-------+-------+-------+-------+-------++-------
Melee: Hand axe          |    66 |    36 |    89 |   637 |   185 |       ||  1013
       Headbutt          |    12 |    15 |    66 |   173 |   423 |    73 ||   762
       War axe           |       |    59 |   188 |       |   599 |   202 ||  1048
       Broad axe         |       |       |       |       |   687 |    18 ||   705
Invok: Berserk           |     1 |     1 |     5 |    11 |    19 |     1 ||    38
       Trog's Hand       |       |     1 |     6 |    14 |    16 |     3 ||    40
       Burn Spellbooks   |       |       |     1 |       |     1 |       ||     2
       Brothers in Arms  |       |       |       |     4 |    12 |     4 ||    20
Evoke: Wand              |       |       |       |     7 |    10 |       ||    17
  Use: Scroll            |       |       |    13 |    14 |    15 |     4 ||    46
       Potion            |       |       |       |       |     3 |     4 ||     7
 Stab: Distracted        |       |       |       |     1 |       |     2 ||     3
  Eat: Chunk             |     1 |     7 |    25 |    51 |    80 |     9 ||   173
       Pizza             |       |       |       |     3 |     1 |       ||     4
       Fruit             |       |       |       |       |     3 |     4 ||     7
       Beef jerky        |       |       |       |       |     1 |       ||     1
Armor: Animal skin       |     1 |       |       |       |       |       ||     1
       Chain mail        |    18 |    63 |   123 |     9 |       |       ||   213
       Scale mail        |       |       |       |   251 |   329 |       ||   580
       Plate armour      |       |       |       |       |   121 |   100 ||   221
Dodge: Dodged            |    28 |    44 |   121 |   224 |   727 |    96 ||  1240
Block: Shield            |       |       |   146 |   340 |   691 |    48 ||  1225
       Buckler           |       |       |       |       |   184 |    64 ||   248
       Reflection        |       |       |       |       |       |     7 ||     7
